 Dungeon Crawl Stone Soup version 0.19.0-24-gb05acd6 (webtiles) character file.

98 Gargoyl the Unweaver (level 4, 0/35 HPs)
             Began as a Demonspawn Abyssal Knight on Nov 22, 2016.
             Was a Follower of Lugonu.
             Slain by a gnoll (3 damage)
             ... on level 1 of the Dungeon.
             The game lasted 00:06:39 (1942 turns).

Gargoyl the Unweaver (Demonspawn Abyssal Knight)    Turns: 1942, Time: 00:06:40

Health: 0/35       AC:  7    Str: 14    XL:     4   Next: 43%
Magic:  6/6        EV: 10    Int: 18    God:    Lugonu [*.....]
Gold:   68         SH:  3    Dex: 12    Spells: 0 memorised, 3 levels left

rFire  . . .     SeeInvis .     a - +1 hand axe
rCold  . . .     Gourm    .     b - +0 leather armour
rNeg   . . .     Faith    .     f - +0 buckler
rPois  .         Spirit   .     (no helmet)
rElec  .         Reflect  .     (no cloak)
rCorr  .         Harm     .     g - +0 pair of gloves
MR     +....                    (no boots)
Stlth  +.........               (no amulet)
                                (no ring)
                                e - ring of protection from magic

@: brilliant
A: molten scales 2, demonic guardian 1
a: Depart the Abyss, Renounce Religion


You were on level 1 of the Dungeon.
You worshipped Lugonu.
Lugonu was aware of your devotion.
You were hungry.

You visited 1 branch of the dungeon, and saw 2 of its levels.
You visited the Abyss 1 time.

You collected 68 gold pieces.

Inventory:

Hand Weapons
 a - a +1 hand axe (weapon)
Armour
 b - a +0 leather armour (worn)
 f - a +0 buckler (worn)
 g - a +0 pair of gloves (worn)
Jewellery
 e - a ring of protection from magic (left hand)
Scrolls
 d - 2 scrolls of remove curse
 i - a scroll of blinking {unknown}
 l - a scroll of magic mapping {unknown}
 m - a scroll of identify {unknown}
Potions
 j - a potion of cancellation
Comestibles
 c - a bread ration
 n - a meat ration


   Skills:
 + Level 3.5 Fighting
 + Level 2.7 Axes
 * Level 2.4 Armour
 + Level 1.1 Dodging
 + Level 0.1 Shields
 * Level 3.6 Invocations


You had 3 spell levels left.
You didn't know any spells.

Dungeon Overview and Level Annotations

Branches:
Dungeon (2/15)

Altars:
Cheibriados


Innate Abilities, Weirdness & Mutations

You are mostly covered in molten scales. (AC +3)
A weak demonic guardian rushes to your aid.


Message History

You closely miss the gnoll.
The gnoll is almost dead.
The gnoll hits you but does no damage.
You closely miss the gnoll.
The gnoll is almost dead.
The gnoll hits you.
* * * LOW HITPOINT WARNING * * *
Your shield prevents you from hitting the gnoll.
The gnoll is almost dead.
The gnoll hits you but does no damage.
It was a potion of cancellation.
You feel magically purged. The gnoll hits you but does no damage.
It was a potion of brilliance.
You feel clever all of a sudden. The gnoll hits you!
* * * LOW HITPOINT WARNING * * *
You hit the gnoll.
The gnoll is almost dead.
You block the gnoll's attack. The gnoll hits you.
You die...

#.....# #.....#
#.....## #.....#.
#########.....#.
#......##.....#.
#......##.....#.
#######......##.....#.
#...g@................
#.###.................
#.# #........#########
#.# #...............##
#.###...............'.
#...................##
#######.............#
#.............##
######..).......


You could see a gnoll.

Vanquished Creatures
  Terence (D:2)
  A gnoll (D:2)
  2 worms (D:2)
  3 dart slugs
  A leopard gecko (D:2)
  6 bats
  10 goblins
  8 hobgoblins
  3 jackals (D:1)
  7 kobolds
  4 frilled lizards
  3 rats (D:1)
49 creatures vanquished.

Vanquished Creatures (collateral kills)
  A gnoll (D:2)
  A rat (D:2)
2 creatures vanquished.

Vanquished Creatures (others)
  A lurking horror (Abyss:1)
1 creature vanquished.

Grand Total: 52 creatures vanquished

Notes
Turn   | Place    | Note
-------+----------+-------------------------------------------
     0 | Abyss:1  | Gargoyl the Demonspawn Abyssal Knight began the quest for the Orb.
     0 | Abyss:1  | Reached XP level 1. HP: 18/18 MP: 2/2
    58 | Abyss:1  | Noticed a flying skull
   118 | Abyss:1  | Noticed a chaos spawn
   133 | D:1      | Escaped the Abyss
   256 | D:1      | Gained mutation: A weak demonic guardian rushes to your aid. [demonic ancestry]
   256 | D:1      | Reached XP level 2. HP: 20/24 MP: 3/3
   789 | D:1      | Reached * piety under Lugonu
   874 | D:1      | Reached skill level 1 in Dodging
   982 | D:1      | Gained mutation: You are partially covered in molten scales. (AC +2) [demonic ancestry]
   982 | D:1      | Reached XP level 3. HP: 28/29 MP: 5/5
  1640 | D:2      | Noticed Terence
  1651 | D:2      | Killed Terence
  1663 | D:2      | Gained mutation: You are mostly covered in molten scales. (AC +3) [demonic ancestry]
  1663 | D:2      | Reached XP level 4. HP: 25/35 MP: 6/6
  1779 | D:2      | Found a snail-covered altar of Cheibriados.
  1942 | D:1      | Slain by a gnoll

Skill      XL: |  1  2  3 |
---------------+----------+-----
Axes           | 2 |  2.7
Armour         | 2 |  2.4
Dodging        | 1 |  1.1
Invocations    | 3 |  3.6
Fighting       | |  3.5
Shields        | |  0.1

Action                   |  1- 3 |  4- 6 || total
-------------------------+-------+-------++-------
Melee: Hand axe          |   130 |    51 ||   181
Invok: Depart the Abyss  |     1 |       ||     1
  Use: Potion            |     1 |     2 ||     3
       Scroll            |       |     1 ||     1
  Eat: Chunk             |     2 |     1 ||     3
Armor: Leather armour    |    57 |    30 ||    87
Dodge: Dodged            |    79 |    21 ||   100
Block: Buckler           |    29 |    10 ||    39
